 Dungeon Crawl Stone Soup version 0.27-a0-1557-g57f10a385c (webtiles) character file.

Game seed: 15145967737563357679

81 dolemite99 the Cutter (level 4, 0/31 (35) HPs)
             Began as a Demonspawn Fighter on July 16, 2021.
             Was a Follower of Okawaru.
             Slain by a wight (1 damage)
             ... on level 2 of the Dungeon.
             The game lasted 00:01:58 (2742 turns).

dolemite99 the Cutter (Demonspawn Fighter)          Turns: 2742, Time: 00:01:58

HP:   0/31 (35)     AC:  8    Str: 18    XL:     4   Next: 20%
MP:   4/4           EV:  7    Int:  9    God:    Okawaru [*.....]
Gold: 63            SH:  0    Dex: 12    Spells: 3/3 levels left

rFire    . . .     SeeInvis .   a - +0 rapier
rCold    . . .     Faith    .   (no shield)
rNeg     . . .     Spirit   .   m - +0 chain mail
rPois    .         Reflect  .   (no helmet)
rElec    .         Harm     .   (no cloak)
rCorr    .         Rampage  .   (no gloves)
Will     .....                  (no boots)
Stlth    ..........             (no amulet)
HPRegen  0.10/turn              (no ring)
MPRegen  0.09/turn              (no ring)

@: heavily drained
A: claws 1, demonic guardian 2
a: Renounce Religion, Heroism


You were on level 2 of the Dungeon.
You worshipped Okawaru.
Okawaru was aware of your devotion.
You visited 1 branch of the dungeon, and saw 3 of its levels.

You collected 63 gold pieces.

Inventory:

Hand Weapons
 a - a +0 rapier (weapon)
 r - a +0 hunting sling
Missiles
 h - 101 stones (quivered)
 l - 24 bolts
Armour
 b - a +0 scale mail
 c - a +0 kite shield
 m - a +0 chain mail (worn)
Magical Staves
 q - a staff of cold
Jewellery
 k - an amulet of regeneration
 p - a ring of protection from cold
Scrolls
 e - a scroll of amnesia {unknown}
 j - a scroll of identify {unknown}
Potions
 f - a potion of curing {unknown}
 g - a potion of degeneration {unknown}
 i - 4 potions of lignification {unknown}
 n - a potion of attraction {unknown}
 o - 2 potions of brilliance {unknown}


   Skills:
 - Level 3.0 Fighting
 + Level 4.1 Short Blades
 - Level 2.6 Armour
 - Level 2.6 Shields


You had 3 spell levels left.
You didn't know any spells.
Your spell library was empty.

Dungeon Overview and Level Annotations

Branches:
Dungeon (3/15)

Altars:
Okawaru


Innate Abilities, Weirdness & Mutations

You have sharp fingernails.
A demonic guardian rushes to your aid.


Message History

Okawaru accepts your kill.
Your life force feels restored.
Your Short Blades skill increases to level 4!
You have reached level 4!
You feel stronger.
Your demonic ancestry asserts itself...
Your guardian grows in power.
You climb downwards.
There is a stone staircase leading up here.
Unknown command.
You feel a little less mighty now.
HP restored.
There is a stone staircase leading down, spattered with blood here.
h - 101 stones (gained 1) Done exploring.
Done exploring.
Done exploring.
There is a stone staircase leading down, spattered with blood here.
You climb downwards.
The wight closely misses you. The orc hits you but does no damage.
The wight hits you with a +0 long sword.
You feel drained.
There is a stone staircase leading up, spattered with blood here.
The wight hits you with a +4 battleaxe!
You feel drained.
* * * LOW HITPOINT WARNING * * *
The orc completely misses you. The wight hits you but does no damage.
You climb upwards.
There is a stone staircase leading down, spattered with blood here.
You hit the orc priest but do no damage.
The orc priest hits you but does no damage.
The wight hits you with a +0 long sword!
* * * LOW HITPOINT WARNING * * *
You feel drained.
* * * LOW HITPOINT WARNING * * *
You hit the wight.
The wight is lightly damaged.
The orc priest hits you but does no damage.
The wight barely misses you.
You barely miss the orc priest. The orc priest closely misses you.
The wight hits you with a +0 long sword.
You die...

### ### ### #.############ #.#
#.# #.<..........#####.########.#
#.##########.#..............# #.#
#.#.##########.#.# ###.#
#.#.##########.#.# .##.#
#.#o#..........#.### .##.#
#.#z#.########.#.#.. .##.#
#.#@#......#.#.#.#.# .##.#
#.#o#.<#...#.#.#.#.# .##.#
#.#z#..#...#<#.#.#.# .##.#######
#.#.#..#.....#.#.#.# .'........#
#.#.#..#.#...#.#.#.#
.########.####.#........#.#.#....
.# #............รท....#.#.#.#....
.####.#.#.####.#......#.#.#.#.#.#
......#.#.# #.#........#.#.#.#.#


You could see 2 wights, an orc priest and an orc.

Vanquished Creatures
  A wight (D:1)
  2 dart slugs
  3 ball pythons
  5 endoplasms
  A giant cockroach (D:1)
  2 hobgoblins
  2 jackals (D:1)
  2 quokkas (D:2)
  3 bats
  2 frilled lizards (D:1)
  3 goblins
  4 kobolds
  3 rats
33 creatures vanquished.

Vanquished Creatures (collateral kills)
  2 ball pythons (D:1)
  A rat (D:2)
3 creatures vanquished.

Vanquished Creatures (others)
  A plant (D:3)
1 creature vanquished.

Grand Total: 37 creatures vanquished

Notes
Turn   | Place    | Note
-------+----------+-------------------------------------------
     0 | D:1      | dolemite99 the Demonspawn Fighter began the quest for the
                  | Orb.
     0 | D:1      | Reached XP level 1. HP: 18/18 MP: 1/1
    39 | D:1      | Reached skill level 2 in Short Blades
    93 | D:1      | Gained mutation: A weak demonic guardian rushes to your
                  | aid. [demonic ancestry]
    93 | D:1      | Reached XP level 2. HP: 19/24 MP: 2/2
   728 | D:1      | Reached skill level 3 in Short Blades
  1349 | D:2      | Found a faded altar of an unknown god.
  1379 | D:2      | Became a worshipper of Warmaster Okawaru
  1379 | D:2      | Reached * piety under Okawaru
  1549 | D:2      | Gained mutation: You have sharp fingernails. [demonic
                  | ancestry]
  1549 | D:2      | Reached XP level 3. HP: 29/29 MP: 3/3
  2624 | D:1      | Reached skill level 4 in Short Blades
  2624 | D:1      | Gained mutation: A demonic guardian rushes to your aid.
                  | [demonic ancestry]
  2624 | D:1      | Reached XP level 4. HP: 23/35 MP: 4/4
  2740 | D:2      | HP: 1/31 [wight (1)]
  2742 | D:2      | Slain by a wight

Illustrated notes

Levels and vault maps discovered:
D:1:      lemuel_arrival_cross, layout_basic
D:2:      layout_basic, basic_ecumenical_altar
D:3:      layout_rooms, chequers_big_river, grunt_ministairs_6, minmay_bisected

Skill      XL: |  1  2  3 |
---------------+----------+-----
Short Blades   | 2 3 4 |  4.1
Fighting       | |  3.0
Armour         | |  2.6
Shields        | |  2.6

Action                   |  1- 3 |  4- 6 || total
-------------------------+-------+-------++-------
Melee: Rapier            |   109 |     3 ||   112
Throw: Stone             |    48 |       ||    48
  Use: Potion            |     1 |       ||     1
Armor: Scale mail        |    18 |       ||    18
       Chain mail        |    22 |     4 ||    26
Dodge: Dodged            |    45 |     4 ||    49

Table legend: (Time is in decaauts)
 A = Elapsed time spent in this place.
 B = Non-inter-level travel time spent in this place.
 C = Inter-level travel time spent in this place.
 D = Time resting spent in this place.
 E = Time spent auto-exploring this place.
 F = Levels seen in this place.
 G = Mean time per level.
                   A        B        C        D        E       F      G
               +--------+--------+--------+--------+--------+-----+--------+
         Total |   2755 |   2701 |     54 |    724 |   1544 |   3 |  918.3 |
       Dungeon |   2755 |   2701 |     54 |    724 |   1544 |   3 |  918.3 |
               +--------+--------+--------+--------+--------+-----+--------+

Top non-repeatable levels by time:
     D:2: 1490 daAuts
     D:1: 1258 daAuts
     D:3: 7 daAuts
